 Dungeon Crawl Stone Soup version 0.25.0-1-g7eea58d (webtiles) character file.

Game seed: 13999198021313700939

6 thesequoiad the Firebug (level 2, 0/20 HPs)
             Began as a Formicid Fire Elementalist on June 14, 2020.
             Slain by a jackal (1 damage)
             ... on level 1 of the Dungeon.
             The game lasted 00:01:28 (114 turns).

thesequoiad the Firebug (Formicid Fire Elementalist) Turns: 114, Time: 00:01:29

Health: 0/20       AC:  2    Str: 10 (12) XL:     2   Next: 0%
Magic:  0/5        EV: 12    Int: 13 (14) God:
Gold:   0          SH:  0    Dex:  8 (11) Spells: 4/5 levels left

rFire    . . .     SeeInvis +   (no weapon)
rCold    . . .     Gourm    .   (no shield)
rNeg     . . .     Faith    .   a - +0 robe
rPois    .         Spirit   .   (helmet unavailable)
rElec    .         Reflect  .   (no cloak)
rCorr    .         Harm     .   (no gloves)
MR       .....                  (no boots)
Stlth    ++........             (no amulet)
HPRegen  0.06/turn              (no ring)
MPRegen  0.09/turn              (no ring)

@: very slightly contaminated
A: permanent stasis, dig shafts and tunnels, four strong arms, antennae 3
a: Dig, Shaft Self


You were on level 1 of the Dungeon.
You were not hungry.

You visited 1 branch of the dungeon, and saw 1 of its levels.

Inventory:

Missiles
 d - 8 boomerangs (quivered)
Armour
 a - a +0 robe (worn)
Scrolls
 e - a scroll of identify {unknown}
Comestibles
 c - a ration


   Skills:
 + Level 0.3 Fighting
 - Level 1.7 Dodging
 - Level 2.4 Stealth
 + Level 2.2 Spellcasting
 * Level 1.1 Conjurations
 * Level 3.1 Fire Magic


You had 4 spell levels left.
You knew the following spells:

 Your Spells              Type           Power        Failure   Level  Hunger
a - Foxfire               Conj/Fire      #...         11%         1    ##.....

Your spell library contained the following spells:

 Spells                   Type           Power        Failure   Level  Hunger
 Conjure Flame            Conj/Fire      #.......     30%         3    ####...
 Inner Flame              Hex/Fire       #.......     36%         3    ####...
 Sticky Flame             Conj/Fire      #.......     71%         4    #####..
 Fireball                 Conj/Fire      #.........   96%         5    ######.


Dungeon Overview and Level Annotations

Branches:
Dungeon (1/15)

Altars:


Innate Abilities, Weirdness & Mutations

You cannot be hasted, slowed, berserked, paralysed or teleported.
You can dig through walls and to a lower floor.
Your four strong arms can wield two-handed weapons with a shield.
You have a pair of large antennae on your head. (SInv)


Message History

The jackal barely misses you.
The foxfire hits the jackal.
The jackal is severely wounded.
The foxfire hits the jackal.
You kill the jackal!
You have reached level 2!
The jackal barely misses you. The jackal closely misses you.
Casting: Foxfire (safe; 10% risk of failure)
Confirm with . or Enter, or press ? or * to list all spells.
You don't have enough magic to cast that spell.
The jackal bites you.
* * * LOW HITPOINT WARNING * * *
The jackal bites you.
* * * LOW HITPOINT WARNING * * *
The jackal bites you but does no damage.
It was a potion of degeneration.
There was something very wrong with that liquid.
You feel weakened.
You feel dopey.
You feel clumsy. The jackal misses you. The jackal bites you.
You die...

##.......## #.....
##.........+##....
##...........##...
#..)..........#..#
#.............#..# ..####
#......<....).#..# ......
#.............#..# ......
#.......h.....#..# ......
##......@....##..##......
##.........###..........
#'.......+# #..†.......
###..†..## ##.........
###.### #.>#...... #.#
##.#...... #.## #.#......
#..# #.#...... ########.#
#.#......


You could see a jackal.

Vanquished Creatures
  A ball python (D:1)
  3 jackals (D:1)
  A rat (D:1)
5 creatures vanquished.

Vanquished Creatures (others)
  12 foxfires (D:1)
12 creatures vanquished.

Grand Total: 17 creatures vanquished

Notes
Turn   | Place    | Note
-------+----------+-------------------------------------------
     0 | D:1      | thesequoiad the Formicid Fire Elementalist began the quest
                  | for the Orb.
     0 | D:1      | Reached XP level 1. HP: 13/13 MP: 3/3
    47 | D:1      | Reached skill level 1 in Conjurations
   107 | D:1      | Reached XP level 2. HP: 5/20 MP: 0/5
   112 | D:1      | HP: 1/20 [jackal (3)]
   114 | D:1      | Slain by a jackal

Illustrated notes

Levels and vault maps discovered:
D:1:      lemuel_arrival_rhombus, layout_basic, minivault_23,
          minmay_pentomino_x4

Skill      XL: |  1 |
---------------+----+-----
Conjurations   | 1 |  1.1
Fighting       | |  0.3
Dodging        | |  1.7
Stealth        | |  2.4
Spellcasting   | |  2.2
Fire Magic     | |  3.1

Action                   || total
-------------------------++-------
 Cast: Foxfire           ||     7
  Use: Potion            ||     1
Armor: Robe              ||     9
Dodge: Dodged            ||    21
